 Dungeon Crawl Stone Soup version 0.32-a0-876-gcfddb08e57 (webtiles) character file.

Game seed: 17767334428170486965

237 McSplat the Magician (level 5, -6/35 HPs)
             Began as a Demonspawn Hedge Wizard on Mar 31, 2024.
             Killed by divine providence
             ... invoked by an orc priest
              (14 damage)
             ... on level 4 of the Dungeon.
             The game lasted 00:14:42 (3485 turns).

McSplat the Magician (Demonspawn Hedge Wizard)      Turns: 3485, Time: 00:14:43

Health: -6/35      AC:  3    Str: 11    XL:     5   Next: 77%
Magic:  0/9        EV: 10    Int: 16    God:
Gold:   120        SH:  0    Dex: 12    Spells: 1/10 levels left

rFire   . . .        b - +2 hand axe (elec)
rCold   . . .        (no shield)
rNeg    . . .        v - +0 leather armour
rPois   .            c - +0 hat
rElec   .            (no cloak)
rCorr   .            (no gloves)
SInv    .            (no boots)
Will    .....        k - amulet of guardian spirit
Stlth   ++           (no ring)
HPRegen 0.25/turn    (no ring)
MPRegen 0.11/turn

%: guardian spirit
@: brilliant
A: hooves 2, demonic magic 1
a: Convert to Beogh


You were on level 4 of the Dungeon.
You visited 1 branch of the dungeon, and saw 4 of its levels.

You collected 120 gold pieces.

Inventory:

Hand Weapons
 a - a +0 dagger
 b - a +2 hand axe of electrocution (weapon)
 e - a +4 mace
 t - a +0 scimitar
 u - a +0 long sword
Missiles
 j - 3 boomerangs
Armour
 c - a +0 hat (worn)
 m - the +1 scale mail "Idekoeva" {Str+3}
   (You took it off a kobold on level 2 of the Dungeon)

   Str+3:     It affects your strength (+3).
 r - a +0 robe
 v - a +0 leather armour (worn)
Jewellery
 k - an amulet of guardian spirit (around neck)
Wands
 n - a wand of light (18)
 z - a wand of charming (6)
Scrolls
 f - a scroll of acquirement {unknown}
 g - a scroll of identify {unknown}
 l - a scroll of poison {unknown}
 p - 2 scrolls of teleportation {unknown}
 q - a scroll of immolation {unknown}
 w - a scroll of fog {unknown}
 x - a scroll of torment {unknown}
 y - a scroll of enchant armour {unknown}
Potions
 d - a potion of magic
 h - a potion of cancellation {unknown}
 i - a potion of haste {unknown}
 o - a potion of brilliance
 s - 4 potions of curing


   Skills:
 - Level 1.0 Short Blades
 - Level 0.9(1.1) Axes
 - Level 0.7(1.0) Maces & Flails
 - Level 2.0 Dodging
 - Level 2.0 Stealth
 - Level 3.1 Spellcasting
 + Level 2.5 Conjurations
 - Level 1.0 Hexes
 - Level 1.8 Summonings
 + Level 1.9 Translocations
 + Level 1.6 Air Magic
 + Level 1.7 Alchemy


You had one spell level left.
You knew the following spells:

 Your Spells              Type           Power      Damage    Failure   Level
a - Magic Dart            Conj           64%        1d6       9%          1
b - Slow                  Hex            32%        N/A       16%         1
c - Call Imp              Summ           24%        N/A       17%         2
d - Mephitic Cloud        Conj/Alch/Air  13%        N/A       32%         3
e - Blink                 Tloc           26%        N/A       17%         2

Your spell library contained the following spells:

 Spells                   Type           Power      Damage    Failure   Level
 Cigotuvi's Dreadful Rot  Necr/Alch/Air  18%        N/A       22%         2


Dungeon Overview and Level Annotations

Branches:
Dungeon (4/15)
 Temple: D:4-7

Altars:
Xom

Shops:
D:3 *

Annotations:
D:2 Sigmund


Innate Abilities, Weirdness & Mutations

You have hoof-like feet.
Spells you cast may paralyse adjacent enemies.


Message History

Okay, then.
Unknown command.
It was a potion of curing.
You feel better. The adder barely misses you. The scorpion stings you.
Your cerulean imp barely misses the orc priest.
It was a potion of brilliance.
You feel clever all of a sudden. The adder bites you. The scorpion stings you.
You are poisoned.
The scorpion poisons you!
Your cerulean imp hits the orc priest but does no damage.
The adder bites you.
You feel better. The scorpion completely misses you.
The adder bites you but does no damage.
Your cerulean imp hits the orc priest but does no damage.
The orc priest shouts, "Beogh offers mercy even to people such as you.
Join us and be reborn!"
You closely miss the scorpion. Your kick misses the scorpion.
You barely miss the adder. The scorpion stings you.
You are poisoned.
The scorpion poisons you! The adder bites you but does no damage.
Your cerulean imp barely misses the orc priest.
The gnoll hits you from afar with a +0 spear.
The scorpion stings you!
* * * LOW HITPOINT WARNING * * *
You are more poisoned.
The scorpion poisons you! The adder misses you.
Your magical contamination has completely faded away.
Unknown command.
You feel better.
You feel ready to blink again.
Your cerulean imp barely misses the orc priest.
The gnoll closely misses you. The scorpion stings you.
* * * LOW HITPOINT WARNING * * *
The adder bites you but does no damage.
The orc priest threatens, "Beogh's wrath is as vast as their mercy.
Make your choice!"
Unknown command.
The scorpion closely misses you.
The orc priest calls down the wrath of Beogh upon you.
Beogh smites you!
You die...

#..........
##..........
........... #
#..#....#.#
..#.#..#....#.##.
.......g.......
#..#....#....
#..@S.....##.
..#..#s).......
......o<....##
+#.....).5...#
###..##.....#
#.... #........
..... .........
.##.# #########


You could see a scorpion, an orc priest (ally target), a gnoll, an adder and a
friendly cerulean imp (summoned).

Vanquished Creatures
  A bombardier beetle (D:3)
  An orc priest (D:3)
  2 jellies (D:3)
  4 adders
  2 dart slugs (D:2)
  8 orcs
  6 ball pythons
  4 bats
  10 endoplasms
  5 goblins
  2 hobgoblins
  3 jackals (D:2)
  2 quokkas
  4 frilled lizards
  10 kobolds
  2 rats (D:3)
66 creatures vanquished.

Notes
Turn   | Place    | Note
-------+----------+-------------------------------------------
     0 | D:1      | McSplat the Demonspawn Hedge Wizard began the quest for the
                  | Orb.
     0 | D:1      | Reached XP level 1. HP: 13/13 MP: 4/4
    75 | D:1      | Found a faded altar of an unknown god.
   245 | D:1      | Reached skill level 1 in Translocations
   260 | D:1      | Gained mutation: You have large cloven feet. [demonic
                  | ancestry]
   260 | D:1      | Reached XP level 2. HP: 19/19 MP: 0/6
   631 | D:1      | Learned a level 1 spell: Slow
   634 | D:1      | Learned a level 2 spell: Call Imp
   783 | D:2      | Identified the +1 scale mail "Idekoeva" {Str+3}
   945 | D:2      | Reached XP level 3. HP: 24/24 MP: 3/7
   949 | D:2      | Learned a level 3 spell: Mephitic Cloud
  1008 | D:2      | Noticed Sigmund
  1418 | D:2      | Found a shimmering altar of Xom.
  2046 | D:3      | Reached skill level 1 in Hexes
  2083 | D:2      | Upgraded the game from 0.32-a0-872-g59262bdc9b to
                  | 0.32-a0-876-gcfddb08e57
  2289 | D:3      | Gained mutation: Spells you cast may paralyse adjacent
                  | enemies. [demonic ancestry]
  2289 | D:3      | Reached XP level 4. HP: 12/30 MP: 1/8
  2481 | D:3      | Found Zalosom's General Store.
  2557 | D:3      | Learned a level 2 spell: Blink
  2562 | D:3      | Reached skill level 1 in Alchemy
  2989 | D:3      | Reached skill level 1 in Air Magic
  3005 | D:3      | Gained mutation: You have hoof-like feet. [demonic
                  | ancestry]
  3005 | D:3      | Reached XP level 5. HP: 18/35 MP: 1/9
  3395 | D:3      | Reached skill level 1 in Short Blades
  3485 | D:4      | Killed from afar by an orc priest

Illustrated notes

Levels and vault maps discovered:
D:1:      amcnicky_arrival_feature_with_door, layout_rooms,
          shapermc_ecumenical_altar_acropolis
D:2:      layout_loops_cross, basic_altar, due_unseen_surprise, uniq_sigmund
D:3:      cheibrodos_fertilizer, layout_loops_corners, serial_shops,
          nicolae_shop_advertising_works [nicolae_subvault_shop_adworks],
          palyth_stone_intersect
D:4:      cheibrodos_pilgrimage, layout_basic, good_gods_temple_1, tgw_fedhas,
          worldfamousw_hep_ancestral_shrine, minmay_temple_entry_ruins,
          gup_sewer_entry_glass, nicolae_figureground_pulse, uniq_ijyb,
          uniq_eustachio

Skill      XL: |  1  2  3  4  5 |
---------------+----------------+-----
Translocations | 1 |  1.9
Dodging        | 2 |  2.0
Stealth        | 2 |  2.0
Hexes          | 1 |  1.0
Conjurations   | 2 |  2.5
Alchemy        | 1 |  1.7
Air Magic      | 1 |  1.6
Short Blades   | 1 |  1.0
Axes           | |  0.9
Maces & Flails | |  0.7
Spellcasting   | |  3.1
Summonings     | |  1.8

Action                     |  1- 3 |  4- 6 || total
---------------------------+-------+-------++-------
  Melee: Mace              |    25 |       ||    25
         Kick              |     6 |     7 ||    13
         Hand axe          |    28 |    22 ||    50
         Dagger            |       |     7 ||     7
   Cast: Magic Dart        |    53 |    40 ||    93
         Slow              |     1 |       ||     1
         Call Imp          |     2 |     1 ||     3
         Blink             |       |     2 ||     2
  Evoke: Wand              |       |     4 ||     4
    Use: Potion            |       |     4 ||     4
   Stab: Sleeping          |     2 |     1 ||     3
         Paralysed         |       |     8 ||     8
 Armour: Robe              |    29 |       ||    29
         Leather armour    |    11 |    26 ||    37
  Dodge: Dodged            |    39 |    22 ||    61

Table legend: (Time is in decaauts)
 A = Elapsed time spent in this place.
 B = Non-inter-level travel time spent in this place.
 C = Inter-level travel time spent in this place.
 D = Time resting spent in this place.
 E = Time spent auto-exploring this place.
 F = Levels seen in this place.
 G = Mean time per level.
                   A        B        C        D        E       F      G
               +--------+--------+--------+--------+--------+-----+--------+
         Total |   3505 |   3221 |    284 |    493 |   2211 |   4 |  876.2 |
       Dungeon |   3505 |   3221 |    284 |    493 |   2211 |   4 |  876.2 |
               +--------+--------+--------+--------+--------+-----+--------+

Top non-repeatable levels by time:
     D:3: 1534 daAuts
     D:2: 1224 daAuts
     D:1: 730 daAuts
     D:4: 15 daAuts
